 Dungeon Crawl Stone Soup version 0.29.1-15-g9cfb28693d (webtiles) character file.

Game seed: 5289199240764731517

30 Heoruswealwe the Conjurer (level 3, 19/19 HPs)
             Began as a Deep Elf Conjurer on Mar 8, 2023.
             Got out of the dungeon alive.
             The game lasted 00:09:44 (952 turns).

Heoruswealwe the Conjurer (Deep Elf Conjurer)        Turns: 952, Time: 00:09:45

Health: 19/19      AC:  2    Str:  4    XL:     3   Next: 5%
Magic:  10/10      EV: 12    Int: 24    God:
Gold:   49         SH:  0    Dex: 13    Spells: 9/10 levels left

rFire   . . .      SeeInvis .   l - +0 war axe
rCold   + . .      Faith    .   (no shield)
rNeg    . . .      Spirit   .   a - +0 robe
rPois   +          Reflect  .   (no helmet)
rElec   .          Harm     .   (no cloak)
rCorr   .          Rampage  .   (no gloves)
Will    .....                   (no boots)
Stlth   ++........              (no amulet)
HPRegen 0.06/turn               e - ring of protection from cold
MPRegen 0.12/turn               g - ring of poison resistance

@: weak-willed
A: no striking features
a: no special abilities


You escaped.
You visited 1 branch of the dungeon, and saw 1 of its levels.

You collected 49 gold pieces.

Inventory:

Hand Weapons
 l - a +0 war axe (weapon)
Armour
 a - a +0 robe (worn)
 i - a +0 robe
 m - a +0 robe
Jewellery
 e - a ring of protection from cold (left hand)
 g - a ring of poison resistance (right hand)
Scrolls
 c - a scroll of teleportation
 h - a scroll of magic mapping
Potions
 b - a potion of magic
 f - a potion of heal wounds


   Skills:
 - Level 2.4 Dodging
 - Level 2.4 Stealth
 + Level 4.1 Spellcasting
 + Level 5.0 Conjurations


You had 9 spell levels left.
You knew the following spells:

 Your Spells              Type           Power      Damage    Failure   Level
a - Magic Dart            Conj           100%       1d8       1%          1

Your spell library contained the following spells:

 Spells                   Type           Power      Damage    Failure   Level
 Searing Ray              Conj           56%        2d6       1%          2
 Shock                    Conj/Air       64%        1d7       3%          1
 Dazzling Flash           Conj/Hex       32%        N/A       11%         3
 Swiftness                Air            4%         N/A       28%         3
 Fulminant Prism          Conj/Hex       8%         3d7       34%         4
 Iskenderun's Mystic Bla  Conj/Tloc      16%        2d5       34%         4
 Airstrike                Air            2%         2d(1-17)  67%         4


Dungeon Overview and Level Annotations

Branches:
Dungeon (1/15)

Altars:
Qazlal

Shops:
D:1 :


Message History

The magic dart hits the giant cockroach.
The giant cockroach is moderately wounded.
The magic dart hits the giant cockroach.
The giant cockroach is heavily wounded.
The magic dart hits the giant cockroach.
You kill the giant cockroach!
You open the door.
There is an open door here.
Really walk into that dispersal trap? [Y]es or [N]o only, please.
Really walk into that dispersal trap?
You enter a dispersal trap!
You blink.
Really walk into that dispersal trap? [Y]es or [N]o only, please.
Really walk into that dispersal trap?
You enter a dispersal trap!
You blink.
Really walk into that dispersal trap?
You enter a dispersal trap!
You blink.
There is a stone staircase leading down here.
Done exploring.
There is a stone staircase leading down here.
Done exploring.
Search for what [? for help]? .
You have 49 gold pieces.
Unknown command.
As you read the scroll labelled AMEETW MUPO, it crumbles to dust.
It is a scroll of identify.
c - a scroll of teleportation
As you read the scroll of identify, it crumbles to dust.
h - a scroll of magic mapping
As you read the scroll labelled XAJACHULAT, it crumbles to dust.
Wisps of shadow whirl around you...
It was a scroll of summoning.
As you read the scroll labelled LAFREK XEYLE, it crumbles to dust.
Magic quickly surges around you.
It was a scroll of vulnerability.
Okay, then.
It was a potion of heal wounds.
You feel much better.
There is a staircase leading out of the dungeon here.
Okay, then.
Are you sure you want to leave the Dungeon?
This will make you lose the game!
You have escaped!

#.....................(....#
#..........................#
#..........)...............#
#.............####.........#
#...........##....##.......#
#..........#........#......#
#.........#..........#.....#
#.........#..#.......#.....#
#..........#..##@....#.....#
#...........#.rSr.....#....#
#...............g.....#....#
#.....................#....#
#....................#...).#
#...................#......#
#.....(##........###......##
#........########.........#
#................#........#


You could see a friendly quokka (summoned, weak-willed), a friendly hobgoblin
(summoned, weak-willed), a friendly ball python (summoned, weak-willed) and a
friendly rat (summoned, weak-willed).

Vanquished Creatures
  A dart slug (D:1)
  2 ball pythons (D:1)
  A bat (D:1)
  3 endoplasms (D:1)
  A giant cockroach (D:1)
  2 goblins (D:1)
  7 hobgoblins (D:1)
  3 quokkas (D:1)
  A frilled lizard (D:1)
  A kobold (D:1)
  A rat (D:1)
23 creatures vanquished.

Vanquished Creatures (others)
  11 fungi (D:1)
  2 plants (D:1)
13 creatures vanquished.

Grand Total: 36 creatures vanquished

Notes
Turn   | Place    | Note
-------+----------+-------------------------------------------
     0 | D:1      | Heoruswealwe the Deep Elf Conjurer began the quest for the
                  | Orb.
     0 | D:1      | Reached XP level 1. HP: 10/10 MP: 6/6
   138 | D:1      | Found Lanezu Nuti's Book Emporium.
   278 | D:1      | Reached XP level 2. HP: 7/15 MP: 2/8
   731 | D:1      | Found a faded altar of an unknown god.
   774 | D:1      | Prayed at the altar of an unknown god.
   774 | D:1      | Became a worshipper of Qazlal Stormbringer
   774 | D:1      | Reached * piety under Qazlal
   776 | D:1      | Fell from the grace of Qazlal
   825 | D:1      | Reached skill level 5 in Conjurations
   825 | D:1      | Reached XP level 3. HP: 17/19 MP: 3/10
   952 | D:$      | Got out of the dungeon alive.

Illustrated notes

Levels and vault maps discovered:
D:1:      dpeg_arrival_solitude, layout_basic, serial_shops, shop,
          dreamdust_ecumenical_altar_hidden_monk_grotto

Skill      XL: |  1  2 |
---------------+-------+-----
Spellcasting   | 4 |  4.1
Conjurations   | 5 |  5.0
Dodging        | |  2.4
Stealth        | |  2.4

Action                   || total
-------------------------++-------
Melee: War axe           ||    31
       Punch             ||     1
 Cast: Magic Dart        ||    49
Invok: Renounce Religion ||     1
  Use: Scroll            ||     4
       Potion            ||     1
 Stab: Sleeping          ||     1
Armor: Robe              ||     1
Dodge: Dodged            ||     5
